 Dungeon Crawl Stone Soup version 0.23.1-38-g628c18f (webtiles) character file.

Game seed: 9631928855512624298

9808 sanboga the Cleaver (level 11, -1/72 HPs)
             Began as a Gargoyle Berserker on Mar 28, 2019.
             Was a High Priest of Trog.
             Hit by a large rock thrown by a cyclops (21 damage)
             ... on level 11 of the Dungeon.
             The game lasted 00:15:12 (10782 turns).

sanboga the Cleaver (Gargoyle Berserker)           Turns: 10782, Time: 00:15:13

Health: -1/72      AC: 28    Str: 24    XL:     11   Next: 52%
Magic:  11/11      EV:  8    Int: 10    God:    Trog [*****.]
Gold:   65         SH:  0    Dex:  9    Spells: 10/10 levels left

rFire    . . .     SeeInvis .   a - +0 hand axe
rCold    . . .     Gourm    .   (no shield)
rNeg     + . .     Faith    .   l - +0 plate armour
rPois    ∞         Spirit   .   t - +2 helmet
rElec    +         Reflect  .   g - +0 cloak
rCorr    .         Harm     .   (no gloves)
MR       .....                  r - +0 pair of boots
Stlth    ..........             (no amulet)
HPRegen  0.22/turn              m - ring of stealth
MPRegen  0.12/turn              (no ring)

@: no status effects
A: talons 1, clever 1, negative energy resistance 1, electricity resistance,
unbreathing, petrification resistance, rot immunity, AC +8
a: Berserk, Trog's Hand, Brothers in Arms, Renounce Religion


You were on level 11 of the Dungeon.
You worshipped Trog.
Trog was extremely pleased with you.
You were not hungry.

You visited 1 branch of the dungeon, and saw 11 of its levels.

You collected 537 gold pieces.
You spent 472 gold pieces at shops.

Inventory:

Hand Weapons
 a - a +0 hand axe (weapon)
Armour
 g - a +0 cloak (worn)
 l - a +0 plate armour (worn)
 r - a +0 pair of boots (worn)
 t - a +2 helmet (worn)
Jewellery
 m - a ring of stealth (left hand)
Wands
 e - a wand of random effects (18)
 j - a wand of iceblast (14)
 p - a wand of flame (19)
 s - a wand of disintegration (21)
Scrolls
 d - a scroll of enchant weapon
 i - 2 scrolls of enchant armour
 n - 5 scrolls of teleportation
 o - 2 scrolls of remove curse
Potions
 b - a potion of haste
 f - 3 potions of flight
 q - a potion of resistance
Comestibles
 c - 13 rations


   Skills:
 + Level 10.2 Fighting
 * Level 11.7 Axes
 + Level 9.9 Armour
 - Level 1.5 Dodging


You had 10 spell levels left.
You didn't know any spells.
Your spell library was empty.

Dungeon Overview and Level Annotations

Branches:
Dungeon (11/15)            Temple (0/1) D:6            Lair (0/6) D:11
    Orc (0/2) D:9

Altars:
Ashenzari
Cheibriados
Elyvilon
Fedhas
Gozag
Hepliaklqana
Makhleb
Nemelex Xobeh
Qazlal
Sif Muna
Xom
Zin

Shops:
D:4 ?=   D:9 :   D:10 [?


Innate Abilities, Weirdness & Mutations

You are resistant to torment.
Your stone body is resilient. (AC +8)
You are immune to poison.
You resist negative energy. (rN+)
You are resistant to electric shocks. (rElec)
You can survive without breathing.
You are immune to petrification.
You are immune to rotting.
You have sharp toenails.
Your mind is acute. (Int +2)


Message History

The black bear claws you.
The black bear claws you but does no damage.
The porcupine barely misses you. x2
Really walk into that dispersal trap?
You enter a dispersal trap!
The cyclops blinks!
The porcupine blinks!
The ten-headed hydra blinks!
The black bear blinks! x3; The porcupine blinks!
The cyclops blinks!
The porcupine blinks!
The cyclops blinks!
You blink.
The cyclops throws a large rock.
The large rock barely misses you.
You see here a large rock.
The porcupine closely misses you.
The cyclops throws a large rock.
The large rock barely misses you.
You see here a large rock.
The cyclops throws a large rock.
The large rock hits you.
* * * LOW HITPOINT WARNING * * *
The porcupine bites you but does no damage.
There is a stone staircase leading up here.
You see here a large rock.
The porcupine closely misses you.
The cyclops throws a large rock.
The large rock hits you!!
You die...

...♣♣# ...... +
PP.P.P.#.
.P......#
...P..P.#
>PPP....#
PP..P♣P.#+#####
P.....P..((...#
P..P...@r†h...#
.PP...........#
.P..P..CD.....#
.....+.s.....†#
...###.(....<.#
.#####.(....^.#
..............#
###############


You could see a ten-headed hydra, a cyclops, a black bear, a scorpion and a
porcupine.

Vanquished Creatures
  A centaur warrior (D:10)
  A two-headed ogre (D:10)
  Pikel (D:7)
  An ugly thing (D:8)
  Maurice (D:9)
  Grinder (D:3)
  A hippogriff (D:9)
  4 yaks
  A wraith (D:10)
  Eustachio (D:4)
  Sigmund (D:4)
  3 wargs (D:9)
  Duvessa (D:4)
  2 porcupines
  A water moccasin (D:9)
  4 slaves (D:7)
  3 sky beasts
  A necrophage (D:7)
  3 orc warriors
  A black bear (D:7)
  2 ice beasts
  3 phantoms
  4 ogres
  2 wolves (D:10)
  A centaur (D:10)
  2 crocodiles (D:10)
  Blork the orc (D:4)
  A big kobold (D:9)
  5 bullfrogs
  Dowan (D:4)
  A wyvern zombie (D:9)
  2 scorpions
  6 killer bees (D:10)
  3 howler monkeys (D:9)
  5 wights (D:9)
  6 crimson imps
  2 quasits
  4 jellies
  Crazy Yiuf (D:4)
  10 orc priests
  A bullfrog skeleton (D:10)
  13 hounds
  An iguana (D:5)
  An iron imp (D:8)
  2 centaur skeletons (D:8)
  Natasha (thrice) (D:2)
  9 orc wizards
  6 worker ants
  4 hound skeletons
  A worker ant zombie (D:7)
  5 gnolls
  12 adders
  A howler monkey skeleton (D:2)
  7 oozes
  2 adder zombies
  An adder skeleton (D:6)
  A worm (D:2)
  A dart slug (D:1)
  6 leopard geckos
  24 orcs
  A ball python (D:2)
  4 giant cockroaches
  9 goblins
  8 hobgoblins
  3 jackals (D:7)
  5 quokkas
  10 bats
  4 frilled lizards
  A jackal zombie (D:5)
  11 kobolds
  A quokka zombie (D:8)
  11 rats
264 creatures vanquished.

Vanquished Creatures (others)
  A plant (D:11)
1 creature vanquished.

Grand Total: 265 creatures vanquished

Notes
Turn   | Place    | Note
-------+----------+-------------------------------------------
     0 | D:1      | sanboga the Gargoyle Berserker began the quest for the Orb.
     0 | D:1      | Reached XP level 1. HP: 14/14 MP: 1/1
   234 | D:1      | Reached XP level 2. HP: 19/19 MP: 2/2
   237 | D:1      | Reached skill level 3 in Axes
   349 | D:1      | Reached XP level 3. HP: 5/23 MP: 3/3
   950 | D:2      | Noticed Natasha
   959 | D:2      | Reached ** piety under Trog
   959 | D:2      | Killed Natasha
   959 | D:2      | Reached XP level 4. HP: 29/29 MP: 4/4
   982 | D:2      | Noticed Natasha
  1097 | D:2      | Killed Natasha
  1278 | D:2      | Found an opulent altar of Gozag.
  1278 | D:2      | Found a white marble altar of Elyvilon.
  1278 | D:2      | Found a stormy altar of Qazlal.
  1421 | D:2      | Reached skill level 4 in Axes
  1504 | D:2      | Reached XP level 5. HP: 25/33 MP: 5/5
  1538 | D:2      | Found a burning altar of Makhleb.
  1602 | D:2      | Noticed Natasha
  1617 | D:2      | Killed Natasha
  1672 | D:2      | Gained mutation: You can translocate small distances at
                  | will. [potion of mutation]
  1672 | D:2      | Lost mutation: You can translocate small distances at will.
                  | [potion of mutation]
  1672 | D:2      | Gained mutation: Your mind is acute. (Int +2) [potion of
                  | mutation]
  1672 | D:2      | Gained mutation: You have sharp toenails. [potion of
                  | mutation]
  2129 | D:2      | Found a shimmering altar of Xom.
  2256 | D:3      | Reached XP level 6. HP: 34/39 MP: 6/6
  2661 | D:3      | Noticed Grinder
  2669 | D:3      | Killed Grinder
  2669 | D:3      | Reached skill level 5 in Fighting
  2669 | D:3      | Reached skill level 5 in Axes
  2669 | D:3      | Reached XP level 7. HP: 44/44 MP: 7/7
  2788 | D:3      | Found a shattered altar of Ashenzari.
  3114 | D:4      | Found Quinan's Jewellery Emporium.
  3119 | D:4      | Found a hazy altar of Hepliaklqana.
  3214 | D:4      | You fall through a shaft for 3 floors!
  3290 | D:7      | Noticed Pikel
  3306 | D:7      | Killed Pikel
  3306 | D:7      | Reached skill level 6 in Axes
  3306 | D:7      | Reached skill level 5 in Armour
  3306 | D:7      | Reached XP level 8. HP: 51/51 MP: 8/8
  3432 | D:7      | Reached skill level 7 in Axes
  3654 | D:5      | Entered Level 5 of the Dungeon
  3822 | D:4      | Noticed Sigmund
  3828 | D:4      | Killed Sigmund
  3892 | D:4      | Noticed Eustachio
  3892 | D:4      | Noticed Duvessa
  3893 | D:4      | Noticed Dowan
  3903 | D:4      | Killed Duvessa
  3913 | D:4      | Killed Eustachio
  3913 | D:4      | Reached *** piety under Trog
  3913 | D:4      | Reached XP level 9. HP: 57/57 MP: 9/9
  3922 | D:4      | Killed Dowan
  3922 | D:4      | Reached skill level 8 in Axes
  3952 | D:4      | Noticed Blork the orc
  3962 | D:4      | Killed Blork the orc
  4030 | D:4      | Found a blossoming altar of Fedhas.
  4071 | D:4      | Found a runed translucent door.
  4072 | D:4      | Noticed Crazy Yiuf
  4220 | D:4      | Found Goag's Magic Scroll Emporium.
  4225 | D:4      | Bought a scroll of enchant weapon for 90 gold pieces
  4513 | D:4      | Killed Crazy Yiuf
  5170 | D:6      | Found a staircase to the Ecumenical Temple.
  5341 | D:6      | Reached **** piety under Trog
  5520 | D:6      | Reached skill level 9 in Axes
  6221 | D:7      | Reached XP level 10. HP: 64/64 MP: 10/10
  6857 | D:8      | Found a deep blue altar of Sif Muna.
  6938 | D:8      | Noticed a green ugly thing
  6956 | D:8      | Killed a green ugly thing
  6958 | D:8      | Found a sparkling altar of Nemelex Xobeh.
  7056 | D:8      | Reached skill level 10 in Axes
  7320 | D:8      | Reached ***** piety under Trog
  7447 | D:8      | Found a snail-covered altar of Cheibriados.
  7631 | D:9      | Found a staircase to the Orcish Mines.
  7643 | D:9      | Received a gift from Trog
  7681 | D:9      | Found a glowing silver altar of Zin.
  7681 | D:9      | Noticed Maurice
  8075 | D:9      | Killed Maurice
  8252 | D:9      | Found a sparkling altar of Nemelex Xobeh.
  8392 | D:9      | Found Poohantysm's Book Shop.
  8735 | D:10     | Entered Level 10 of the Dungeon
  8789 | D:10     | Reached skill level 11 in Axes
  8789 | D:10     | Reached XP level 11. HP: 64/71 MP: 11/11
  8881 | D:10     | Noticed a two-headed ogre
  8894 | D:10     | Killed a two-headed ogre
  9326 | D:10     | Found Laskoh's Armour Boutique.
  9467 | D:10     | Found Zuivia's Magic Scroll Boutique.
  9474 | D:10     | Noticed a centaur warrior
  9476 | D:10     | Bought a scroll of blinking for 127 gold pieces
  9476 | D:10     | Bought 2 scrolls of enchant armour for 255 gold pieces
  9495 | D:10     | Killed a centaur warrior
  9495 | D:10     | Reached skill level 10 in Fighting
 10753 | D:11     | Noticed a four-headed hydra
 10756 | D:11     | Noticed a cyclops
 10771 | D:11     | Found a staircase to the Lair.
 10782 | D:11     | Hit by a large rock thrown by a cyclops

Skill      XL: |  1  2  3  4  5  6  7  8  9 10 11 |
---------------+----------------------------------+-----
Axes           | 3 4 5 6 7 9 11 | 11.7
Armour         | 3 4 5 6 7 9 |  9.9
Fighting       | 4 5 6 7 8 9 10 | 10.2
Dodging        | |  1.5

Action                   |  1- 3 |  4- 6 |  7- 9 | 10-12 || total
-------------------------+-------+-------+-------+-------++-------
Melee: Hand axe          |    82 |    94 |    92 |   731 ||   999
       War axe           |       |    42 |   331 |       ||   373
       Kick              |       |    10 |   117 |       ||   127
Invok: Berserk           |     2 |     2 |     6 |     6 ||    16
Evoke: Wand              |       |       |       |     2 ||     2
  Use: Scroll            |     4 |     1 |     8 |    11 ||    24
       Potion            |     1 |     4 |     2 |     4 ||    11
  Eat: Chunk             |     1 |     7 |    11 |    16 ||    35
       Ration            |       |       |     2 |     2 ||     4
Armor: Ring mail         |    53 |    47 |    14 |       ||   114
       Animal skin       |     1 |       |       |       ||     1
       Plate armour      |       |       |   385 |   574 ||   959
Dodge: Dodged            |    79 |    90 |   213 |   294 ||   676
